 Dungeon Crawl Stone Soup version 0.19-a0-607-g42021f0 (webtiles) character file.

14191 st0uf the Cleaver (level 12, -20/92 HPs)
             Began as a Formicid Fighter on June 12, 2016.
             Was a Priest of Uskayaw.
             Killed from afar by an ice dragon (27 damage)
             ... with a blast of cold
             ... in an ice cave.
             The game lasted 00:57:38 (13160 turns).

st0uf the Cleaver (Formicid Fighter)               Turns: 13160, Time: 00:57:39

Health: -20/92     AC: 18    Str: 25    XL:     12   Next: 42%
Magic:  12/18      EV: 10    Int: 10    God:    Uskayaw [***...]
Gold:   718        SH: 15    Dex: 14    Spells: 0 memorised, 11 levels left

rFire  . . .     SeeInvis +     E - +2 war axe
rCold  + . .     Gourm    .     e - +1 plate armour {rC+}
rNeg   . . .     Faith    .     c - +0 shield
rPois  .         Spirit   .     (helmet unavailable)
rElec  .         Dismiss  .     s - +0 cloak
rCorr  .         Reflect  +     x - +0 pair of gloves
SustAt .         Harm     .     m - +0 pair of boots
MR     +....                    a - +3 amulet of reflection
Stlth  ..........               (no ring)
                                (no ring)

@: mighty, somewhat resistant to hostile enchantments, extremely unstealthy
A: permanent stasis, dig shafts and tunnels, four strong arms, antennae 3
a: Dig, Shaft Self, Stomp, Line Pass, Renounce Religion


You were in an ice cave.
You worshipped Uskayaw.
Uskayaw was most pleased with you.
You were not hungry.

You visited 3 branches of the dungeon, and saw 13 of its levels.
You also visited: Ossuary and Ice Cave.

You collected 718 gold pieces.

Inventory:

Hand Weapons
 E - a +2 war axe (weapon)
 I - the +7 falchion of Rubbish {slice, rC- MP+9 Int+4 Stlth+}
   (You took it off a kobold on level 9 of the Dungeon)

   It inflicts extra damage upon your enemies.
   It affects your intelligence (+4).
   It makes you vulnerable to cold.
   It affects your magic capacity (+9).
   It makes you more stealthy.
Missiles
 k - 17 sling bullets
Armour
 b - a +0 scale mail
 c - a +0 shield (worn)
 e - a +1 plate armour of cold resistance (worn)
 m - a +0 pair of boots (worn)
 s - a +0 cloak (worn)
 x - a +0 pair of gloves (worn)
Rods
 l - a +0 lightning rod (9/9)
   (You found it on level 10 of the Dungeon)
Jewellery
 a - a +3 amulet of reflection (around neck)
Wands
 D - a wand of iceblast (3/15)
 G - a wand of confusion (14/48)
 J - a wand of iceblast (6/15)
 K - a wand of flame (9/48)
 N - a wand of flame (24/48)
Scrolls
 g - 4 scrolls of recharging
 i - a scroll of identify
 y - 2 scrolls of magic mapping
 C - 2 scrolls of enchant weapon
Potions
 d - 4 potions of might
 j - a potion of flight {unknown}
 o - a potion of cure mutation {unknown}
 r - 4 potions of heal wounds {unknown}
 t - 2 potions of haste {unknown}
 u - 3 potions of mutation {unknown}
 v - 3 potions of magic
 w - 2 potions of berserk rage {unknown}
 z - a potion of curing
 L - a potion of agility {unknown}
 Q - 2 potions of cancellation {unknown}
Comestibles
 f - 6 bread rations


   Skills:
 + Level 8.1 Fighting
 * Level 11.6 Axes
 + Level 7.9 Armour
 + Level 5.6 Dodging
 + Level 10.1 Shields
 * Level 8.7 Invocations


You had 11 spell levels left.
You didn't know any spells.

Dungeon Overview and Level Annotations

Branches:
Dungeon (11/15)            Temple (1/1) D:4            Lair (1/6) D:9
    Orc: D:9-12

Altars:
Ashenzari
Cheibriados
Dithmenos
Elyvilon
Fedhas
Gozag
Hepliaklqana
Kikubaaqudgha
Makhleb
Nemelex Xobeh
Okawaru
Pakellas
Qazlal
Ru
Sif Muna
Trog
Uskayaw
Vehumet
Xom
Yredelemnul
Zin
The Shining One


Innate Abilities, Weirdness & Mutations

You are under a permanent stasis effect.
You can dig through walls and to a lower floor.
Your four strong arms can wield two-handed weapons with a shield.
You have a pair of large antennae on your head. (SInv)


Message History

The ice dragon claws you but does no damage.
You block the ice dragon's attack.
You stomp with the beat, sending a shockwave through the revelers around you!
The ice dragon is severely wounded.
You feel somewhat more hungry. The ice dragon breathes frost at you.
The blast of cold hits you! You resist.
* * * LOW HITPOINT WARNING * * *
Aiming: Line Pass
Press: ? - help, Dir - move target cursor The ice dragon appears confused.
You feel quite a bit more hungry.
You feel better.
The ice dragon seems less confused.
The ice dragon is no longer sharing its pain.
You block the ice dragon's attack. The ice dragon claws you.
* * * LOW HITPOINT WARNING * * *
You block the ice dragon's attack. The ice dragon breathes frost at you.
The blast of cold hits you! You resist.
You die...

########
####......#
##......#...D.#
####...##.##
.....
##.####...##
D...
#.#...##.## ...
###.#D.@.# .$
##..###.## $
####..## ###
####....##
###......##
##...######
#..### ..##
..###


You could see an ice dragon.

Vanquished Creatures
  An ice dragon (IceCv)
  4 hill giants
  Pikel (D:8)
  2 ice statues (IceCv)
  A rime drake (IceCv)
  A komodo dragon (Lair:1)
  6 trolls
  Prince Ribbit (D:6)
  A spriggan (D:8)
  4 wraiths
  A hippogriff (D:7)
  3 hungry ghosts
  A water moccasin (Lair:1)
  A porcupine (Lair:1)
  15 ice beasts
  3 sky beasts
  2 phantoms
  An orc warrior (D:7)
  3 necrophages (D:10)
  11 ogres
  5 centaurs
  A crocodile (Lair:1)
  5 big kobolds
  An elf zombie (D:9)
  4 giant frogs
  A water moccasin zombie (D:9)
  2 scorpions
  3 killer bees
  A howler monkey (D:8)
  9 wights
  5 centaur zombies
  8 crimson imps
  5 jellies
  2 giant frog zombies (D:10)
  7 hounds
  2 orc priests
  4 human zombies (D:9)
  Crazy Yiuf (D:5)
  A giant frog skeleton (D:10)
  4 iguanas
  Ijyb (D:2)
  10 orc wizards
  6 worker ants
  A killer bee zombie (D:7)
  3 hound zombies
  A hound skeleton (D:3)
  6 mummies
  2 worker ant zombies
  A gnoll (D:10)
  12 adders
  A howler monkey skeleton (D:10)
  3 shadow imps
  12 white imps (D:11)
  An ooze (D:3)
  An adder skeleton (D:4)
  2 adder zombies
  2 dart slugs (D:1)
  8 giant geckos
  37 orcs
  2 ball pythons
  7 giant cockroaches
  3 gnoll zombies (Ossuary)
  3 hobgoblins
  12 jackals
  5 quokkas
  5 bats
  5 giant newts
  5 goblins
  2 goblin zombies (Ossuary)
  5 hobgoblin zombies
  A jackal skeleton (D:7)
  5 jackal zombies (Ossuary)
  33 kobolds
  3 kobold zombies (Ossuary)
  6 orc zombies
  A quokka skeleton (D:7)
  4 quokka zombies
  9 rats
  5 rat zombies (Ossuary)
  A plant (D:10)
366 creatures vanquished.

Vanquished Creatures (others)
  3 slaves (D:8)
  A black bear (D:8)
  A hound (D:8)
  A worker ant (D:8)
  3 plants (D:10)
9 creatures vanquished.

Grand Total: 375 creatures vanquished

Notes
Turn   | Place    | Note
--------------------------------------------------------------
     0 | D:1      | st0uf the Formicid Fighter began the quest for the Orb.
     0 | D:1      | Reached XP level 1. HP: 18/18 MP: 1/1
   161 | D:1      | Reached XP level 2. HP: 18/24 MP: 2/2
   677 | D:1      | Reached XP level 3. HP: 29/29 MP: 3/3
  1118 | D:2      | Noticed Ijyb
  1124 | D:2      | Killed Ijyb
  1124 | D:2      | Reached XP level 4. HP: 37/37 MP: 4/4
  1212 | D:2      | Reached skill level 3 in Axes
  1504 | D:2      | Reached skill level 1 in Dodging
  1504 | D:2      | Reached XP level 5. HP: 39/42 MP: 5/5
  2268 | D:3      | Reached XP level 6. HP: 40/48 MP: 6/6
  2538 | D:4      | Reached skill level 4 in Axes
  2558 | D:4      | Noticed an ogre
  2562 | D:4      | Killed an ogre
  2562 | D:4      | Reached XP level 7. HP: 52/54 MP: 7/7
  2594 | D:4      | Found a shimmering altar of Xom.
  2619 | D:4      | Reached skill level 5 in Shields
  2719 | D:4      | Found a staircase to the Ecumenical Temple.
  2768 | Temple   | Entered the Ecumenical Temple
  2813 | Temple   | Became a worshipper of Uskayaw the Reveler
  2850 | D:4      | Reached * piety under Uskayaw
  2854 | D:4      | Reached skill level 5 in Axes
  3118 | D:4      | Reached ** piety under Uskayaw
  3145 | D:4      | Reached skill level 1 in Invocations
  3145 | D:4      | Reached XP level 8. HP: 40/61 MP: 8/8
  3419 | D:5      | Entered Level 5 of the Dungeon
  3443 | D:5      | Reached *** piety under Uskayaw
  3444 | D:5      | Reached **** piety under Uskayaw
  3515 | D:5      | Reached skill level 5 in Armour
  3559 | D:5      | Found a sand-covered staircase.
  3609 | Ossuary  | Entered an ossuary
  3655 | Ossuary  | Reached skill level 6 in Axes
  3751 | Ossuary  | Reached skill level 5 in Fighting
  4065 | D:5      | Reached XP level 9. HP: 61/68 MP: 11/11
  4145 | D:5      | Found an iron altar of Okawaru.
  4520 | D:5      | Noticed Crazy Yiuf
  4524 | D:5      | Killed Crazy Yiuf
  4527 | D:5      | Got an ichor-stained mace
  4544 | D:5      | Identified the +2 mace of Xom {pain, Int+4 SInv} (You found it on level 5 of the Dungeon)
  4896 | D:6      | Reached skill level 7 in Axes
  5041 | D:6      | Noticed Prince Ribbit
  5197 | D:6      | Killed Prince Ribbit
  5503 | D:6      | Found a shimmering altar of Xom.
  6241 | D:7      | Reached skill level 5 in Invocations
  6469 | D:7      | Reached XP level 10. HP: 51/76 MP: 13/13
  6793 | D:7      | Reached skill level 8 in Axes
  7855 | D:8      | Noticed Pikel
  7886 | D:8      | Killed Pikel
  8270 | D:8      | Reached skill level 9 in Axes
  8299 | D:8      | Found a shadowy altar of Dithmenos.
  9135 | D:9      | Found an ancient bone altar of Kikubaaqudgha.
  9157 | D:9      | Reached ***** piety under Uskayaw
  9193 | D:9      | Reached ****** piety under Uskayaw
  9196 | D:9      | Reached XP level 11. HP: 48/84 MP: 15/15
  9263 | D:9      | Found a staircase to the Lair.
  9280 | D:9      | Reached skill level 5 in Dodging
  9673 | D:9      | Got an encrusted falchion {slice}
  9716 | D:9      | Identified the +7 falchion of Rubbish {slice, rC- MP+9 Int+4 Stlth+} (You took it off a kobold on level 9 of the Dungeon)
 10012 | D:10     | Entered Level 10 of the Dungeon
 10053 | D:10     | Reached skill level 10 in Axes
 10143 | D:10     | Noticed a hill giant
 10212 | D:10     | Noticed a hill giant
 10336 | Lair:1   | Entered Level 1 of the Lair of Beasts
 10736 | Lair:1   | Noticed an eight-headed hydra
 10888 | D:10     | Killed a hill giant
 11217 | D:10     | Found a blossoming altar of Fedhas.
 11390 | D:10     | Killed a hill giant
 11654 | D:10     | Noticed a hill giant
 11666 | D:10     | Killed a hill giant
 12096 | D:11     | Noticed a hill giant
 12106 | D:11     | Killed a hill giant
 12106 | D:11     | Reached XP level 12. HP: 65/92 MP: 18/18
 12138 | D:11     | Found a frozen archway.
 12317 | IceCv    | Entered an ice cave
 12346 | IceCv    | Reached skill level 11 in Axes
 12813 | IceCv    | Reached skill level 10 in Shields
 13121 | IceCv    | Noticed an ice dragon
 13121 | IceCv    | Noticed an ice dragon
 13154 | IceCv    | Killed an ice dragon
 13155 | IceCv    | HP: 1/92 [ice dragon/blast of cold (30)]
 13160 | IceCv    | Killed from afar by an ice dragon

Vault maps used:
D:1:      scummos_arrival_forest
D:2:      uniq_iyjb
D:3:      wad_pebble_path
D:4:      minmay_temple_entry_junction, first_bread, led_xom_imps
D:5:      nicolae_ossuary_entry_giza, okawaru_metal_pillars_3,
          uniq_crazy_yiuf_cottage
D:6:      old_standard_altar, uniq_prince_ribbit1
D:8:      old_standard_altar, hangedman_decor_peaks_small, the_bakery,
          uniq_pikel
D:9:      lemuel_mausoleum_altar_kikubaaqudgha
D:10:     fedhas_altar_decomposition
D:11:     hangedman_cross_stitches, portal_ice_cave_entry_imps,
          nicolae_trove_entry_columns
Temple:   dpeg_circular_temple_20
Lair:1:   minivault_23, serial_bayou_shore_a, lemuel_fruit_fields
Ossuary:  minmay_ossuary_two_tombs
IceCv:    ice_cave_small_dragons

Skill      XL: |  1  2  3  4  5  6  7  8  9 10 11 12 |
---------------+-------------------------------------+-----
Shields        | 4 5 6 7 8 9 10 | 10.1
Axes           | 3 4 5 6 7 9 10 11 | 11.6
Dodging        | 1 2 3 4 5 |  5.6
Fighting       | 4 5 6 7 8 |  8.1
Armour         | 4 5 6 7 |  7.9
Invocations    | 1 3 5 6 8 |  8.7

Action                   |  1- 3 |  4- 6 |  7- 9 | 10-12 || total
-------------------------+-------+-------+-------+-------++-------
Melee: War axe           |    91 |   180 |   500 |   721 ||  1492
Invok: Stomp             |       |       |    13 |    33 ||    46
       Line Pass         |       |       |     1 |     5 ||     6
       Grand Finale      |       |       |       |     1 ||     1
 Abil: Dig               |     2 |       |     2 |    11 ||    15
  Use: Scroll            |       |       |     6 |     9 ||    15
       Potion            |       |       |       |     3 ||     3
 Stab: Paralysed         |       |       |     8 |    44 ||    52
  Eat: Chunk             |     1 |     5 |    15 |    27 ||    48
       Beef jerky        |       |       |     1 |       ||     1
       Fruit             |       |       |       |     3 ||     3
       Bread ration      |       |       |       |     2 ||     2
Armor: Scale mail        |    47 |    90 |   146 |   117 ||   400
       Plate armour      |       |       |       |   125 ||   125
Dodge: Dodged            |    36 |    83 |   175 |   224 ||   518
Block: Shield            |    51 |   106 |   217 |   442 ||   816
       Reflection        |       |       |       |    13 ||    13
